 Dungeon Sprint DCSS version 0.18-a0-1655-ge2d8d33 (webtiles) character file.

4600 Kidiri the Fighter (level 10, -11/89 HPs)
             Began as a Demonspawn Chaos Knight on Mar 30, 2016.
             Blown up by an ancient lich (48 damage)
             ... with a wavering orb of destruction
             ... in the Dungeon (Sprint V: "Ziggurat Sprint").
             The game lasted 00:05:09 (464 turns).

Kidiri the Fighter (Demonspawn Chaos Knight)         Turns: 464, Time: 00:05:14

Health: -11/89     AC: 29    Str: 28    XL:     10   Next: 19%
Magic:  16/16      EV: 12    Int: 14    God:    Xom [..*...]
Gold:   0          SH:  0    Dex: 12    Spells: 0 memorised, 9 levels left

rFire  + . .     SeeInvis .     a - -1 Mace of Variability {chaos}
rCold  + . .     Gourm    .     b - +15 Maxwell's patent armour {-Cast -Tele rElec MR+ rCorr}
rNeg   . . .     Faith    .     (shield currently unavailable)
rPois  .         Spirit   .     (no helmet)
rElec  +         Dismiss  .     (no cloak)
rCorr  +         Reflect  .     (no gloves)
SustAt .         Harm     .     (no boots)
MR     +....     NoTele   +     (no amulet)
Stlth  .......... NoCast   +    F - +6 ring of strength
                                E - +6 ring of strength

@: lethally poisoned (-11 -> -44), very slightly contaminated, invisible,
somewhat resistant to hostile enchantments, extremely unstealthy
A: claws 1, talons 1, cold resistance 1, fire resistance 1, ignite blood,
powered by death 1, electricity resistance, flame cloud immunity
a: Renounce Religion


You were in the Dungeon.
You worshipped Xom.
You were a toy of Xom.
You were not hungry.

You visited 1 branch

Inventory:

Hand Weapons
 a - the -1 Mace of Variability (weapon) {chaos}
   (You found it in the Dungeon)

   Each time it hits an enemy it has a different, random effect.
Armour
 b - the +15 Maxwell's patent armour (worn) {-Cast -Tele rElec MR+ rCorr}
   (You found it in the Dungeon)

   It insulates you from electricity.
   It affects your resistance to hostile enchantments.
   It prevents spellcasting.
   It prevents most forms of teleportation.
   It protects you from acid and corrosion.
Jewellery
 E - a +6 ring of strength (left claw)
 F - a +6 ring of strength (right claw)
Wands
 w - a wand of disintegration (7/24)
 x - a wand of iceblast (2/15)
 y - a wand of lightning (5/15)
 z - a wand of acid (5/15)
Scrolls
 i - 4 scrolls of blinking
 m - 3 scrolls of recharging
 n - 7 scrolls of fog
 o - 5 scrolls of identify
 p - 5 scrolls of remove curse
 q - 2 scrolls of fear
Potions
 d - 9 potions of curing
 e - 8 potions of heal wounds
 f - 6 potions of haste
 g - 7 potions of magic
 h - 3 potions of berserk rage
 l - 2 potions of brilliance
 r - 2 potions of invisibility
 s - 4 potions of resistance
 u - 5 potions of agility
 v - 5 potions of might
Comestibles
 c - 5 bread rations
 j - 42 fruits
 k - 4 meat rations
 t - 6 chunks of flesh


   Skills:
 * Level 11.8 Fighting
 * Level 11.0 Maces & Flails
 * Level 10.7 Armour
 * Level 10.6 Dodging
 + Level 8.2 Evocations


You had 9 spell levels left.
You didn't know any spells.

Dungeon Overview and Level Annotations

Branches:
Dungeon (1/1)

Altars:
Ashenzari
Cheibriados
Dithmenos
Elyvilon
Fedhas
Gozag
Kikubaaqudgha
Makhleb
Nemelex Xobeh
Okawaru
Pakellas
Qazlal
Ru
Sif Muna
Trog
Vehumet
Xom
Yredelemnul
Zin
The Shining One
Beogh
Jiyva
Lugonu


Innate Abilities, Weirdness & Mutations

You have sharp fingernails.
You have sharp toenails.
Your flesh is heat resistant.
Your demonic aura causes spilled blood to erupt in flames.
You regenerate a little health from kills.
You are immune to clouds of flame.
Your flesh is cold resistant.
You are resistant to electric shocks.


Message History

The ufetubus barely misses you.
The ufetubus hits you but does no damage.
The ancient lich points at you and mumbles some strange words.
The poison arrow hits you!
You are poisoned.
Ouch! That really hurt!
Xom roars with laughter!
The chaos spawn gores you. The chaos spawn freezes you! You resist.
* * * LOW HITPOINT WARNING * * *
The quasit closely misses you.
The quasit claws you but does no damage.
The quasit misses you.
Drink which item? (? for menu, Esc to quit)
You feel much better.
You feel very sick.
The ancient lich launches a ball of destructive magic.
The wavering orb of destruction weakly hits you!
Ouch! That really hurt!
You die...
Xom cackles wildly!

▓.▓....▓.▓.▓....▓.▓
▓........▓........▓
▓▓▓▓▓▓▓▓▓▓▓▓▓▓▓▓▓▓▓
▓..8©8..▓ ▓..}:}..▓
▓.§!X)..▓ ▓...5..§▓
▓..3L5..▓ ▓..§@5..▓
▓.§.§...▓ ▓...§.§.▓
▓.......▓ ▓▓▓▓▓▓▓▓▓


You could see an ancient lich, a large abomination (wandering), a chaos spawn, 2
quasits and an ufetubus.

Vanquished Creatures
  A green draconian (D)
  A deep elf knight (D)
  3 deep elf magi (D)
  3 draconians (D)
  A raiju (D)
  A large abomination (D)
  2 crimson imps (D)
  2 jellies (D)
  An iron imp (D)
  A shadow imp (D)
  A white imp (D)
17 creatures vanquished.

Vanquished Creatures (others)
  A spiny frog (shapeshifter) (D)
1 creature vanquished.

Grand Total: 18 creatures vanquished

Notes
Turn   | Place    | Note
--------------------------------------------------------------
     0 | D        | Kidiri the Demonspawn Chaos Knight began the quest for the Orb.
     0 | D        | Reached XP level 1. HP: 18/18 MP: 1/1
     0 | D        | Found a viscous altar of Jiyva.
     0 | D        | Found a roughly hewn altar of Beogh.
     0 | D        | Found a corrupted altar of Lugonu.
     0 | D        | Found a white marble altar of Elyvilon.
     0 | D        | Found a sparkling altar of Nemelex Xobeh.
     3 | D        | Found a burning altar of Makhleb.
     3 | D        | Found a deep blue altar of Sif Muna.
     3 | D        | Found a bloodstained altar of Trog.
     3 | D        | Found an iron altar of Okawaru.
     3 | D        | Found a radiant altar of Vehumet.
    29 | D        | Found a shimmering altar of Xom.
    53 | D        | Gained mutation: You regenerate a little health from kills. [demonic ancestry]
    53 | D        | Reached XP level 2. HP: 26/26 MP: 1/3
    80 | D        | Entered arena 1.
    84 | D        | Reached skill level 5 in Fighting
    84 | D        | Gained mutation: You have sharp toenails. [demonic ancestry]
    84 | D        | Reached XP level 3. HP: 28/33 MP: 4/4
    85 | D        | Gained mutation: Your flesh is heat resistant. [demonic ancestry]
    85 | D        | Reached XP level 4. HP: 35/39 MP: 4/6
   105 | D        | Entered arena 2.
   105 | D        | Noticed a large abomination
   110 | D        | Killed a large abomination
   110 | D        | Reached skill level 5 in Maces & Flails
   110 | D        | Reached skill level 5 in Armour
   110 | D        | Reached skill level 5 in Dodging
   110 | D        | Gained mutation: You are immune to clouds of flame. [demonic ancestry]
   110 | D        | Reached XP level 5. HP: 42/47 MP: 7/7
   124 | D        | Entered arena 3.
   124 | D        | Noticed a draconian
   124 | D        | Noticed a draconian
   124 | D        | Noticed a green draconian
   124 | D        | Noticed a draconian
   125 | D        | XOM: harmless Trmt miscast
   134 | D        | XOM: potion effect (heal wounds)
   135 | D        | Killed a draconian
   135 | D        | Reached skill level 5 in Evocations
   135 | D        | Reached XP level 6. HP: 56/56 MP: 9/9
   135 | D        | Gained mutation: Your demonic aura causes spilled blood to erupt in flames. [demonic ancestry]
   135 | D        | Reached XP level 7. HP: 62/62 MP: 10/10
   137 | D        | Killed a draconian
   137 | D        | Reached XP level 8. HP: 68/70 MP: 10/12
   139 | D        | Killed a draconian
   141 | D        | Killed a green draconian
   141 | D        | Reached skill level 10 in Fighting
   141 | D        | Gained mutation: You have sharp fingernails. [demonic ancestry]
   141 | D        | Reached XP level 9. HP: 65/79 MP: 10/14
   150 | D        | XOM: harmless Trmt miscast
   380 | D        | Entered arena 4.
   380 | D        | XOM: potion effect (agility)
   381 | D        | XOM: potion effect (invisibility)
   403 | D        | Entered arena 5.
   403 | D        | Noticed a deep elf mage
   403 | D        | Noticed a deep elf knight
   403 | D        | Noticed a deep elf mage
   403 | D        | Noticed a spiny frog
   403 | D        | Noticed a deep elf mage
   406 | D        | Killed a spiny frog
   406 | D        | Reached skill level 10 in Maces & Flails
   411 | D        | Killed a deep elf mage
   411 | D        | Reached skill level 10 in Armour
   411 | D        | Reached skill level 10 in Dodging
   411 | D        | Killed a deep elf knight
   413 | D        | Killed a deep elf mage
   413 | D        | Reached XP level 10. HP: 81/88 MP: 14/16
   417 | D        | Killed a deep elf mage
   431 | D        | Gained mutation: Your flesh is cold resistant. [mutagenic meat]
   432 | D        | Gained mutation: You are resistant to electric shocks. [mutagenic meat]
   459 | D        | Entered arena 6.
   459 | D        | Noticed an ancient lich
   464 | D        | Blown up by an ancient lich

Vault maps used:
D:        sprint_v

Skill      XL: |  1  2  3  4  5  6  7  8  9 10 |
---------------+-------------------------------+-----
Fighting       | 4 5 6 8 10 11 | 11.8
Maces & Flails | 4 5 7 8 9 10 11 | 11.0
Armour         | 3 4 5 7 9 10 | 10.7
Dodging        | 3 4 5 7 9 10 | 10.6
Evocations     | 2 3 5 7 8 |  8.2

Action                   |  1- 3 |  4- 6 |  7- 9 | 10-12 || total
-------------------------+-------+-------+-------+-------++-------
Melee: Great mace        |     4 |    14 |    21 |     4 ||    43
Evoke: Wand              |       |     3 |       |       ||     3
  Use: Potion            |     1 |     2 |       |     1 ||     4
 Stab: Paralysed         |       |     1 |       |       ||     1
       Invisible         |       |       |     3 |     1 ||     4
  Eat: Chunk             |       |       |       |     2 ||     2
